 Dungeon Crawl Stone Soup version 0.28-a0-1152-g9c71ebef14 (webtiles) character file.

Game seed: 1300299067478780179

64 lonewolfV2 the Cutter (level 4, -1/29 HPs)
             Began as a Kobold Berserker on Dec 14, 2021.
             Was a Believer of Trog.
             Slain by a hobgoblin (5 damage)
             ... led by Robin
             ... on level 2 of the Dungeon.
             The game lasted 00:03:07 (1596 turns).

lonewolfV2 the Cutter (Kobold Berserker)            Turns: 1596, Time: 00:03:07

Health: -1/29      AC:  2    Str: 14    XL:     4   Next: 32%
Magic:  4/4        EV: 15    Int:  8    God:    Trog [**....]
Gold:   73         SH:  0    Dex: 16    Spells: 3/3 levels left

rFire   . . .      SeeInvis +   a - +0 short sword
rCold   . . .      Faith    .   (shield restricted)
rNeg    . . .      Spirit   .   b - +0 animal skin
rPois   .          Reflect  .   (no helmet)
rElec   .          Harm     .   (no cloak)
rCorr   .          Rampage  .   (no gloves)
Will    ++...                   (no boots)
Stlth   +++.......              (no amulet)
HPRegen 1.09/turn               i - ring of see invisible
MPRegen 0.09/turn               (no ring)

@: strong-willed, on berserk cooldown, regenerating, slowed, very slow
A: small, no large weapons, nightstalker 3
a: Renounce Religion, Berserk, Trog's Hand


You were on level 2 of the Dungeon.
You worshipped Trog.
Trog was pleased with you.
You visited 1 branch of the dungeon, and saw 2 of its levels.

You collected 73 gold pieces.

Inventory:

Hand Weapons
 a - a +0 short sword (weapon)
Armour
 b - a +0 animal skin (worn)
Jewellery
 i - a ring of see invisible (left hand)
Scrolls
 c - a scroll of silence {unknown}
 d - a scroll of vulnerability {unknown}
 e - a scroll of identify {unknown}
 h - a scroll of noise {unknown}
Potions
 f - a potion of attraction {unknown}


   Skills:
 + Level 4.2 Fighting
 + Level 5.0 Short Blades
 + Level 1.6 Armour
 + Level 2.6 Dodging
 + Level 1.8 Stealth


You had 3 spell levels left.
You didn't know any spells.
Your spell library was empty.

Dungeon Overview and Level Annotations

Branches:
Dungeon (2/15)

Altars:

Annotations:
D:2 Robin


Innate Abilities, Weirdness & Mutations

You are small and have problems with some larger weapons.
You are completely attuned to the shadows.


Message History

You are exhausted.
You feel yourself slow down.
Things that are here:
a +0 club; a goblin corpse A goblin comes into view.
It is wielding a +0 dagger.
A hobgoblin comes into view.
Found 5 gold pieces.
A hobgoblin comes into view. x2
The goblin unwields a +0 dagger.
The goblin wields a +0 hunting sling.
The goblin shoots a stone.
The stone barely misses you. Robin completely misses you.
The goblin hits you with a +0 club.
* * * LOW HITPOINT WARNING * * *
Your skin crawls.
You feel strong-willed.
The goblin shoots a stone.
The stone misses you.
An adder comes into view.
Robin throws the goblin at you! The goblin barely misses you.
The goblin shoots a stone.
The stone closely misses you.
The adder hisses angrily.
You hit the hobgoblin.
The hobgoblin is severely wounded.
You hear an angry hiss.
You hear a shout!
A goblin comes into view. It is wielding a +0 club.
Robin barely misses you. The goblin barely misses you.
A ball python comes into view.
The hobgoblin completely misses you.
A goblin comes into view. It is wielding a +0 club.
The goblin shoots a stone.
The stone completely misses you.
The goblin shouts!
You hear an angry hiss.
It was a potion of magic.
Magic courses through your body.
Robin roars a battlecry!
The goblins go into a battle-frenzy!
The goblin barely misses you. The hobgoblin hits you.
* * * LOW HITPOINT WARNING * * *
A goblin comes into view. It is wielding a +0 dagger.
The goblin shoots a stone.
The stone hits you.
* * * LOW HITPOINT WARNING * * *
Robin roars a battlecry!
The goblin misses you. The hobgoblin hits you.
You die...

.........g
#.......g.#
#..$...Sg.#
#.....ggg.#.
#....).@S.gg
##..).g...## ##..
#.......#.# #...
##....####...
#...##..#### $#
###...##..####..
#.._............
#........#........
#......†...#......


You could see Robin, an adder, 3 hobgoblins, 5 goblins and a ball python.

Vanquished Creatures
  A gnoll (D:1)
  An adder (D:2)
  A worm (D:2)
  3 dart slugs
  4 endoplasms
  A giant cockroach (D:2)
  3 goblins
  5 hobgoblins (D:1)
  4 kobolds
  3 quokkas
  4 ball pythons
  A bat (D:1)
  2 frilled lizards (D:1)
  3 rats (D:1)
36 creatures vanquished.

Notes
Turn   | Place    | Note
-------+----------+-------------------------------------------
     0 | D:1      | lonewolfV2 the Kobold Berserker began the quest for the
                  | Orb.
     0 | D:1      | Reached XP level 1. HP: 14/14 MP: 1/1
   187 | D:1      | Reached XP level 2. HP: 19/19 MP: 2/2
   643 | D:1      | Reached XP level 3. HP: 24/24 MP: 3/3
   665 | D:1      | Reached skill level 1 in Stealth
   826 | D:1      | Reached ** piety under Trog
  1408 | D:2      | Found a faded altar of an unknown god.
  1569 | D:2      | Reached XP level 4. HP: 22/29 MP: 4/4
  1587 | D:2      | Reached skill level 5 in Short Blades
  1590 | D:2      | Noticed Robin
  1596 | D:2      | Slain by a hobgoblin

Illustrated notes

Levels and vault maps discovered:
D:1:      ncdulo_wetmaze, layout_basic
D:2:      layout_rooms, basic_ecumenical_altar, uniq_robin, uniq_natasha

Skill      XL: |  1  2  3  4 |
---------------+-------------+-----
Stealth        | 1 |  1.8
Fighting       | 4 |  4.2
Short Blades   | 5 |  5.0
Armour         | |  1.6
Dodging        | |  2.6

Action                   |  1- 3 |  4- 6 || total
-------------------------+-------+-------++-------
Melee: Short sword       |    89 |    17 ||   106
Invok: Trog's Hand       |       |     2 ||     2
       Berserk           |       |     1 ||     1
  Use: Potion            |       |     1 ||     1
 Stab: Sleeping          |     7 |       ||     7
Armor: Animal skin       |     6 |     3 ||     9
Dodge: Dodged            |    46 |    26 ||    72

Table legend: (Time is in decaauts)
 A = Elapsed time spent in this place.
 B = Non-inter-level travel time spent in this place.
 C = Inter-level travel time spent in this place.
 D = Time resting spent in this place.
 E = Time spent auto-exploring this place.
 F = Levels seen in this place.
 G = Mean time per level.
                   A        B        C        D        E       F      G
               +--------+--------+--------+--------+--------+-----+--------+
         Total |   1601 |   1531 |     70 |      0 |   1155 |   2 |  800.5 |
       Dungeon |   1601 |   1531 |     70 |      0 |   1155 |   2 |  800.5 |
               +--------+--------+--------+--------+--------+-----+--------+

Top non-repeatable levels by time:
     D:1: 1380 daAuts
     D:2: 221 daAuts
